[Event "Titled Tuesday Blitz April 4 Early 2023"]
[White "Thecourseoisildur"]
[Black "Ansh M Shah"]
[BlackFideId "25033379"]
[WhiteElo "2498"]
[BlackElo "2084"]
[Result "1/2-1/2"]
[Round "10"]
[TimeControl "180+2"]
[Date "2023.04.04"]
[WhiteClock "0:00:03"]
[BlackClock "0:00:17"]

1. e4 c6 2. d4 d5 3. e5 Bf5 4. h4 h5 5. Bd3 Bxd3 6. Qxd3 Qa5+ 7. Nd2 e6 8. Ne2 Ne7 9. b4 Qb5 10. c4 dxc4 11. Nxc4 Nd5 12. a4 Nxb4 13. axb5 Nxd3+ 14. Kd2 Nxc1 15. Rhxc1 Nd7 16. bxc6 bxc6 17. Nd6+ Bxd6 18. exd6 O-O 19. Rxc6 a5 20. Nc3 Rfd8 21. Ne4 Nf6 22. Nxf6+ gxf6 23. Ra3 Rd7 24. Ke3 Kg7 25. Ke4 a4 26. d5 Ra5 27. dxe6 fxe6 28. f3 f5+ 29. Kf4 Kf6 30. g4 hxg4 31. fxg4 fxg4 32. Kxg4 Ke5 33. Rb6 Rg7+ 34. Kf3 Kf5 35. Rd3 a3 36. d7 Rxd7 37. Rxd7 a2 38. Rd1 a1=Q 39. Rxa1 Rxa1 40. Rb5+ Kg6 41. h5+ Kh6 42. Kg4 Ra4+ 43. Kg3 Re4 44. Ra5 Rc4 45. Re5 Rc6 46. Kg4 Rc4+ 47. Kg3 Rc6 48. Kf4 Ra6 49. Rc5 Rd6 50. Ke5 Rd5+ 51. Rxd5 exd5 52. Kxd5 Kxh5 1/2-1/2


[Site "https://www.chess.com"]

[Event "Titled Tuesday Blitz April 4 Early 2023"]
[White "Andreev, Konstantin"]
[Black "Fuzesabonyilaci"]
[WhiteFideId "24239305"]
[WhiteElo "2106"]
[BlackElo "2362"]
[Result "1-0"]
[Round "10"]
[TimeControl "180+2"]
[Date "2023.04.04"]
[WhiteClock "0:00:09"]
[BlackClock "0:00:06"]

1. e4 e6 2. d4 d5 3. Nc3 dxe4 4. Nxe4 Nd7 5. Bd3 Ngf6 6. Nf3 Nxe4 7. Bxe4 Nf6 8. Bd3 b6 9. Be3 Bb7 10. Qe2 Be7 11. O-O-O O-O 12. h3 Be4 13. Bxe4 Nxe4 14. Ne5 Nf6 15. Nc6 Qd7 16. Nxe7+ Qxe7 17. Kb1 Rfd8 18. Bg5 h6 19. Bh4 Rd5 20. Rd3 Rad8 21. Rhd1 Rf5 22. g4 Rb5 23. c3 g5 24. Bg3 Rbd5 25. h4 c5 26. hxg5 Rxg5 27. Bh4 Rg6 28. dxc5 Rxd3 29. Rxd3 Qxc5 30. Rd8+ Kg7 31. f3 h5 32. g5 Qf5+ 33. Ka1 Nh7 34. Bf2 Qxg5 35. Bd4+ Nf6 36. a3 h4 37. Be5 h3 38. Ka2 Qg2 39. Qb5 Rg5 40. f4 Rf5 41. Qe8 Kg6 42. Qh8 Rxe5 43. fxe5 Kf5 44. Qxf6+ Ke4 45. Rd4+ Ke3 46. Qf4+ Ke2 47. Rd2+ Ke1 48. Qe3+ Kf1 49. Rd1# 1-0


[Site "https://www.chess.com"]

[Event "Titled Tuesday Blitz April 4 Early 2023"]
[White "Reprintsev, Alexander"]
[Black "Kraus, Tomas"]
[WhiteFideId "14100541"]
[BlackFideId "331708"]
[WhiteElo "2211"]
[BlackElo "2389"]
[Result "1-0"]
[Round "10"]
[TimeControl "180+2"]
[Date "2023.04.04"]
[WhiteClock "0:02:28"]
[BlackClock "0:02:43"]

1. e4 e6 2. d4 d5 3. Nc3 Bb4 4. Ne2 dxe4 5. a3 Bxc3+ 6. Nxc3 Nf6 7. Bg5 h6 8. Bxf6 Qxf6 9. Nxe4 Qe7 10. Qd2 O-O 11. Bc4 Rd8 12. O-O-O Nc6 13. c3 Rb8 14. Qf4 b5 15. Bb3 a5 1-0


[Site "https://www.chess.com"]

[Event "Titled Tuesday Blitz April 4 Early 2023"]
[White "Alberto, Manuel"]
[Black "Romero Pallares, Daniel"]
[WhiteFideId "10100148"]
[BlackFideId "32025637"]
[WhiteElo "2166"]
[BlackElo "2195"]
[Result "0-1"]
[Round "10"]
[TimeControl "180+2"]
[Date "2023.04.04"]
[WhiteClock "0:00:01"]
[BlackClock "0:00:04"]

1. e4 g6 2. d4 Bg7 3. Nc3 c6 4. Be3 d5 5. exd5 cxd5 6. Qd2 Nc6 7. Nf3 Bg4 8. Be2 e6 9. h3 Bxf3 10. Bxf3 Nge7 11. O-O-O Rc8 12. g4 a6 13. Kb1 b5 14. Ne2 b4 15. h4 h6 16. Nc1 a5 17. Be2 Qb6 18. Nb3 a4 19. Nc5 a3 20. b3 Na5 21. Rc1 Nb7 22. c3 bxc3 23. Rxc3 Nxc5 24. Rxc5 Rxc5 25. dxc5 Qc7 26. Bb5+ Nc6 27. Bf4 Qb7 28. Ba4 O-O 29. Bxh6 Bxh6 30. Qxh6 Qa6 31. Qd2 Ne5 32. h5 Rb8 33. hxg6 Qxa4 34. gxf7+ Nxf7 35. f3 Qb4 36. Qc2 Qd4 37. c6 Rc8 38. Rd1 Qe5 39. Rd2 Qe1+ 40. Rd1 Qe5 41. Rd2 Kf8 42. Qc5+ Qd6 43. Qe3 Qxc6 44. Qe1 Qc3 45. Qd1 Ne5 46. f4 Nd3 47. Rc2 Qb2+ 48. Rxb2 axb2 0-1


[Site "https://www.chess.com"]

[Event "Titled Tuesday Blitz April 4 Early 2023"]
[White "lluiss"]
[Black "Goltseva, Ekaterina"]
[BlackFideId "24173770"]
[WhiteElo "2242"]
[BlackElo "2200"]
[Result "1-0"]
[Round "10"]
[TimeControl "180+2"]
[Date "2023.04.04"]
[WhiteClock "0:00:07"]
[BlackClock "0:00:12"]

1. c4 e5 2. Nc3 Nf6 3. g3 c6 4. Nf3 e4 5. Nd4 Qb6 6. e3 d5 7. Bg2 Bc5 8. O-O Bxd4 9. exd4 Qxd4 10. cxd5 cxd5 11. d3 exd3 12. Re1+ Be6 13. Be3 Qg4 14. Qxd3 O-O 15. Bd4 Qg6 16. Qxg6 hxg6 17. Bxf6 gxf6 18. Nxd5 Bxd5 19. Bxd5 Nc6 20. Bxc6 bxc6 21. Rac1 Rab8 22. b3 Rb6 23. Re7 Ra6 24. Rc2 Rd8 25. Rc7 Rd1+ 26. Kg2 Ra1 27. Rd2 R1xa2 28. Rdd7 Re2 29. Rxf7 Raa2 30. Rxf6 Rab2 31. Rcxc6 Rxb3 32. Rxg6+ Kf7 33. Rgf6+ Ke7 34. h4 a5 35. h5 Rb5 36. h6 a4 37. h7 Rh5 38. Rh6 Rf5 39. h8=Q Rfxf2+ 40. Kh3 Rh2+ 41. Kg4 Re4+ 42. Kf3 1-0


[Site "https://www.chess.com"]

[Event "Titled Tuesday Blitz April 4 Early 2023"]
[White "Kozin, Yuri"]
[Black "Vemparala, Nikash"]
[WhiteFideId "4129920"]
[BlackFideId "30960967"]
[WhiteElo "2551"]
[BlackElo "2023"]
[Result "1-0"]
[Round "10"]
[TimeControl "180+2"]
[Date "2023.04.04"]
[WhiteClock "0:01:35"]
[BlackClock "0:01:50"]

1. e4 e5 2. Nf3 Nc6 3. Bb5 Nf6 4. d3 Bc5 5. O-O Nd4 6. Ba4 O-O 7. Nxe5 d6 8. Nf3 Bg4 9. Nbd2 Qc8 10. c3 Nxf3+ 11. Nxf3 Bb6 12. Be3 h5 13. Bb3 h4 14. Bxb6 axb6 15. h3 Bh5 16. Qe2 Nh7 17. Qe3 Kh8 18. Nxh4 f5 19. Nxf5 Rxf5 20. exf5 Qxf5 21. g4 1-0


[Site "https://www.chess.com"]

[Event "Titled Tuesday Blitz April 4 Early 2023"]
[White "Manon-og, Ramon Jr."]
[Black "Rodchenkov, Sergey D."]
[WhiteFideId "5200776"]
[BlackFideId "4168712"]
[WhiteElo "2382"]
[BlackElo "2277"]
[Result "1-0"]
[Round "10"]
[TimeControl "180+2"]
[Date "2023.04.04"]
[WhiteClock "0:00:05"]
[BlackClock "0:00:04"]

1. e4 c5 2. Nf3 d6 3. Bb5+ Nd7 4. a4 Nf6 5. Nc3 g6 6. O-O Bg7 7. d3 O-O 8. Bg5 h6 9. Bh4 g5 10. Bg3 Nh5 11. Qd2 Ne5 12. Nxe5 dxe5 13. f3 Nxg3 14. hxg3 Be6 15. Qf2 Rc8 16. Rad1 Qd4 17. g4 Rfd8 18. Kh2 a6 19. Bc4 Bxc4 20. dxc4 Qxc4 21. Nd5 Rxd5 22. Rxd5 Bf6 23. b3 Qb4 24. Rfd1 e6 25. Rd7 Kg7 26. Qd2 Qd4 27. Rxd4 cxd4 28. Rc1 Rc3 29. b4 Be7 30. b5 a5 31. b6 Bb4 32. Qe2 Rc5 33. Rb1 Kf6 34. Rxb4 axb4 35. Kg3 Ra5 36. Qc4 Rxa4 37. Qb3 Ra3 38. Qxb4 Rc3 39. Qa4 Kg6 40. Kf2 h5 41. gxh5+ Kxh5 42. Ke2 Kh4 43. Kf2 g4 44. fxg4 Kxg4 45. Ke2 f5 46. exf5 exf5 47. Kd2 Rg3 48. Qd7 Rxg2+ 49. Kc1 Rg1+ 50. Kb2 e4 51. Qxd4 Rg3 52. Qg7+ Kf4 53. Qxb7 e3 54. Qc7+ Kf3 55. b7 e2 56. Qe5 Kf2 57. b8=Q e1=Q 58. Qxg3+ Ke2 59. Qxe1+ Kxe1 60. Qf4 Kd1 61. Qxf5 Ke2 1-0


[Site "https://www.chess.com"]

[Event "Titled Tuesday Blitz April 4 Early 2023"]
[White "Shuvalov, Evgenij"]
[Black "Jimenez Jimenez, Leandro"]
[WhiteFideId "4187237"]
[BlackFideId "6415253"]
[WhiteElo "2080"]
[BlackElo "2263"]
[Result "0-1"]
[Round "10"]
[TimeControl "180+2"]
[Date "2023.04.04"]
[WhiteClock "0:01:42"]
[BlackClock "0:01:32"]

1. d4 d5 2. c4 e6 3. Nc3 Nf6 4. cxd5 exd5 5. Bg5 Be7 6. e3 O-O 7. Bd3 c6 8. Nge2 Re8 9. O-O Ne4 10. Bf4 Bf8 11. Qc2 Bf5 12. f3 Nxc3 13. Bxf5 Nxe2+ 14. Qxe2 Nd7 15. Qc2 g6 16. Bd3 Nf6 17. Rae1 Nh5 18. Be5 f6 19. Bxg6 hxg6 20. Qxg6+ Bg7 21. Bg3 Nxg3 22. Qxg3 f5 23. Qf4 Qf6 24. Kf2 Bh6 25. Qc7 Re7 26. Qa5 Rae8 27. Qd2 Qh4+ 28. Kg1 Bxe3+ 29. Rxe3 Rxe3 30. Qf2 Qxf2+ 31. Kxf2 f4 32. Rd1 Re2+ 33. Kf1 Rxb2 0-1


[Site "https://www.chess.com"]

[Event "Titled Tuesday Blitz April 4 Early 2023"]
[White "crosky"]
[Black "Tokman, Ariel"]
[BlackFideId "117420"]
[WhiteElo "2364"]
[BlackElo "2263"]
[Result "1-0"]
[Round "10"]
[TimeControl "180+2"]
[Date "2023.04.04"]
[WhiteClock "0:01:31"]
[BlackClock "0:00:18"]

1. c4 c6 2. Nf3 d5 3. e3 Nf6 4. Nc3 Bf5 5. cxd5 cxd5 6. Qb3 Nc6 7. Qxb7 Bd7 8. Qb3 Rb8 9. Qc2 e5 10. d4 e4 11. Ne5 Bd6 12. Nxd7 Qxd7 13. Bb5 O-O 14. O-O Rfc8 15. a3 Bxh2+ 16. Kxh2 Ng4+ 17. Kg1 Qd6 18. f4 Qh6 19. g3 Nxd4 20. exd4 Rxb5 21. Qe2 Rb6 22. Qxg4 Rg6 23. Qxc8# 1-0


[Site "https://www.chess.com"]

[Event "Titled Tuesday Blitz April 4 Early 2023"]
[White "Gallegos Diaz, Carlos Alberto"]
[Black "Jovic, Stanoje"]
[WhiteFideId "3900886"]
[BlackFideId "905020"]
[WhiteElo "2362"]
[BlackElo "2236"]
[Result "1/2-1/2"]
[Round "10"]
[TimeControl "180+2"]
[Date "2023.04.04"]
[WhiteClock "0:00:10"]
[BlackClock "0:00:10"]

1. e4 c6 2. Nf3 d5 3. d3 dxe4 4. dxe4 Qxd1+ 5. Kxd1 Bg4 6. Bd3 Nd7 7. Ke2 O-O-O 8. Be3 b6 9. Nd2 e5 10. a4 Kb7 11. a5 b5 12. a6+ Kb8 13. h3 Bxf3+ 14. Nxf3 f6 15. Rhd1 Bc5 16. Bxb5 Bxe3 17. Bxc6 Bxf2 18. Kxf2 Kc7 19. Bxd7 Rxd7 20. Rxd7+ Kxd7 21. Ra3 Ne7 22. Rb3 Rc8 23. Rb7+ Rc7 24. Rxc7+ Kxc7 25. Ke3 Kb6 26. c3 Kxa6 27. Kd3 Kb5 28. Nd2 a5 29. Nc4 Nc8 30. b3 h5 31. h4 g6 32. g3 a4 33. Na3+ Ka5 34. b4+ Kb6 35. c4 Ne7 36. c5+ Kc7 37. Kc4 Nc6 38. Kb5 Nd4+ 39. Kxa4 f5 40. Nc4 fxe4 41. b5 Nf5 42. b6+ Kb8 43. c6 e3 44. Nb2 e2 45. c7+ Kb7 46. Nd3 Ne3 47. Kb5 Nd5 48. Nc5+ Kc8 49. Nd3 e4 50. Ne1 Kb7 51. Kc5 Nxb6 52. Kd4 Kxc7 53. Kxe4 Kd6 54. Kf4 Ke6 55. Kg5 Kf7 56. Kf4 Nd5+ 57. Kf3 Kf6 58. Kxe2 Kf5 59. Kf3 Kf6 60. Ke2 Ne7 61. Kf3 Nf5 62. Ng2 Nd4+ 63. Kf2 Ne6 64. Ne3 Nd4 65. Ng2 Nf5 66. Ne1 Ne7 67. Nf3 Nc6 68. Ng5 Ne5 69. Nh7+ Kf5 70. Ng5 Ng4+ 71. Ke2 Nf6 72. Nf3 Kg4 73. Ne5+ Kxg3 74. Nxg6 Kg4 75. Kf2 Nd5 76. Kg2 Nc7 77. Ne5+ Kxh4 78. Nf3+ Kg4 79. Ne5+ Kf5 80. Nf3 h4 81. Nxh4+ 1/2-1/2


[Site "https://www.chess.com"]

[Event "Titled Tuesday Blitz April 4 Early 2023"]
[White "Todorovic, Bojan"]
[Black "Golubev, Mikhail"]
[WhiteFideId "917087"]
[BlackFideId "14100983"]
[WhiteElo "2266"]
[BlackElo "2374"]
[Result "1-0"]
[Round "10"]
[TimeControl "180+2"]
[Date "2023.04.04"]
[WhiteClock "0:00:16"]
[BlackClock "0:00:01"]

1. d4 Nf6 2. c4 g6 3. Nc3 Bg7 4. e4 d6 5. Nf3 O-O 6. Be2 e5 7. O-O Nc6 8. d5 Ne7 9. Ne1 Ne8 10. Be3 f5 11. f3 f4 12. Bf2 g5 13. c5 Ng6 14. Rc1 h5 15. Nb5 a6 16. Na3 Rf7 17. Nc4 Bf8 18. cxd6 Bxd6 19. Nd3 Nf6 20. Nc5 Nf8 21. Qb3 g4 22. Nxd6 cxd6 23. Ne6 Nxe6 24. dxe6 Re7 25. Bh4 Kg7 26. Bc4 Qe8 27. Bd5 Bxe6 28. Bxe6 Rxe6 29. Qxb7+ Kg6 30. Rc7 Qg8 31. Rfc1 Rb8 32. Rg7+ Qxg7 33. Qxb8 gxf3 34. gxf3 Kh6+ 35. Kh1 Nd7 36. Qd8 Rg6 37. b4 Nf6 38. Bxf6 1-0


[Site "https://www.chess.com"]

[Event "Titled Tuesday Blitz April 4 Early 2023"]
[White "Baches Garcia, Guillermo"]
[Black "Matveeva, Olga"]
[WhiteFideId "2209764"]
[BlackFideId "24107018"]
[WhiteElo "2447"]
[BlackElo "2056"]
[Result "1/2-1/2"]
[Round "10"]
[TimeControl "180+2"]
[Date "2023.04.04"]
[WhiteClock "0:01:12"]
[BlackClock "0:00:59"]

1. e4 e6 2. d4 d5 3. exd5 exd5 4. Nf3 Nf6 5. Bd3 c5 6. O-O c4 7. Re1+ Be7 8. Bf1 O-O 9. Nc3 Nc6 10. Bg5 h6 11. Bh4 Bg4 12. Be2 Re8 13. Ne5 Bxe2 14. Rxe2 Ne4 15. Bxe7 Nxc3 16. Bxd8 Nxd1 17. Rxd1 Raxd8 18. Nxc6 bxc6 19. Rde1 Rxe2 20. Rxe2 Kf8 21. Kf1 Rb8 22. b3 cxb3 23. axb3 Rb4 24. Rd2 a5 25. Ke2 Ke7 26. Kd3 Kd6 27. Re2 a4 28. bxa4 Rxa4 29. h4 h5 30. g3 g6 31. c3 Ra1 32. Rb2 Rd1+ 33. Ke3 Re1+ 34. Kd3 Rd1+ 35. Ke3 Re1+ 36. Kd3 Rd1+ 1/2-1/2


[Site "https://www.chess.com"]

[Event "Titled Tuesday Blitz April 4 Early 2023"]
[White "Pein, Jonathan"]
[Black "Mirzanurov, Bulat"]
[WhiteFideId "417092"]
[BlackFideId "4184521"]
[WhiteElo "2151"]
[BlackElo "2019"]
[Result "1-0"]
[Round "10"]
[TimeControl "180+2"]
[Date "2023.04.04"]
[WhiteClock "0:00:15"]
[BlackClock "0:00:01"]

1. Nf3 d5 2. g3 Nf6 3. Bg2 c6 4. O-O Bg4 5. Ne5 Bf5 6. c4 e6 7. d4 Nbd7 8. Nc3 Bd6 9. Nxd7 Qxd7 10. Re1 Ne4 11. Nxe4 Bxe4 12. f3 Bg6 13. e4 dxc4 14. Be3 O-O 15. a4 b5 16. Qe2 a6 17. f4 h6 18. h4 f5 19. e5 Be7 20. Qf3 Rfc8 21. axb5 cxb5 22. Qxa8 Rxa8 23. Bxa8 Qc8 24. Bf3 Be8 25. d5 Bc5 26. d6 Kf8 27. Kf2 Bd7 28. Kg2 Ke8 29. Bxc5 Qxc5 30. Rxa6 b4 31. Ra8+ Kf7 32. Rd8 Qa7 33. Rc1 Bb5 34. Rc8 Qd7 35. Rc7 Ke8 36. Rxd7 Kxd7 37. Be2 c3 38. Bxb5+ 1-0


[Site "https://www.chess.com"]

[Event "Titled Tuesday Blitz April 4 Early 2023"]
[White "Bas Mas, Jose Joaquin"]
[Black "Fernandez Siles, Luis"]
[WhiteFideId "22219064"]
[BlackFideId "2209420"]
[WhiteElo "2233"]
[BlackElo "2195"]
[Result "1-0"]
[Round "10"]
[TimeControl "180+2"]
[Date "2023.04.04"]
[WhiteClock "0:00:22"]
[BlackClock "0:00:16"]

1. e4 c5 2. Nc3 Nc6 3. Bb5 Nd4 4. Nf3 g6 5. Nxd4 cxd4 6. Ne2 Bg7 7. O-O a6 8. Ba4 b5 9. Bb3 Bb7 10. d3 d5 11. f3 e6 12. Qe1 h6 13. a4 Ne7 14. axb5 axb5 15. Rxa8 Bxa8 16. Qb4 dxe4 17. fxe4 Bc6 18. Bf4 O-O 19. Bd6 Re8 20. Ra1 Nc8 21. Bc5 f5 22. exf5 Qg5 23. Ng3 gxf5 24. Re1 Bxg2 25. Kxg2 f4 26. Rxe6 Rxe6 27. Bxe6+ Kh8 28. Bxd4 Ne7 29. Bxg7+ Kxg7 30. Qxe7+ Qxe7 31. Nf5+ Kf6 32. Nxe7 Kxe6 33. Ng6 Kd5 34. Nxf4+ Kd4 35. Ne2+ Ke3 36. d4 1-0


[Site "https://www.chess.com"]

[Event "Titled Tuesday Blitz April 4 Early 2023"]
[White "Romero Ruscalleda, Josep"]
[Black "Vivas Zamora, Fabian Ernesto"]
[WhiteFideId "2231859"]
[BlackFideId "3902480"]
[WhiteElo "2183"]
[BlackElo "2262"]
[Result "0-1"]
[Round "10"]
[TimeControl "180+2"]
[Date "2023.04.04"]
[WhiteClock "0:00:28"]
[BlackClock "0:00:08"]

1. e4 c5 2. c3 Nf6 3. e5 Nd5 4. Nf3 d6 5. Bc4 Nb6 6. e6 fxe6 7. Bb3 Nc6 8. O-O e5 9. Ng5 e6 10. Nxe6 Qe7 11. Nxf8 Rxf8 12. d3 Be6 13. Qh5+ g6 14. Qh6 Bxb3 15. axb3 Rf5 16. Nd2 Rh5 17. Qe3 Nd5 18. Qf3 Nf4 19. Ne4 Qh4 20. h3 O-O-O 21. Ra4 g5 22. Nf6 g4 23. Qxg4+ Qxg4 24. hxg4 Ne2# 0-1


[Site "https://www.chess.com"]

[Event "Titled Tuesday Blitz April 4 Early 2023"]
[White "Arat, Ufuk Sezen"]
[Black "Kopczynski, Michal"]
[WhiteFideId "6309089"]
[BlackFideId "1124200"]
[WhiteElo "2289"]
[BlackElo "2212"]
[Result "0-1"]
[Round "10"]
[TimeControl "180+2"]
[Date "2023.04.04"]
[WhiteClock "0:00:31"]
[BlackClock "0:01:48"]

1. e4 c5 2. Nf3 d6 3. d4 cxd4 4. Nxd4 Nf6 5. Nc3 g6 6. Be3 Bg7 7. f3 O-O 8. Qd2 Nc6 9. O-O-O d5 10. exd5 Nxd5 11. Bf2 e5 12. Nxc6 bxc6 13. Nxd5 cxd5 14. Qxd5 Qc7 15. Qc5 Qb7 16. Bb5 Bf5 17. Bc6 Qa6 18. Bxa8 Rxa8 19. Qd5 Rc8 20. Qd8+ Rxd8 21. Rxd8+ Bf8 22. Bc5 Qxa2 23. Rxf8+ Kg7 24. Rd1 Qc4 25. c3 Qxc5 26. Rfd8 a5 27. R8d5 Qe3+ 28. R1d2 a4 29. g4 Be6 30. Rd3 Qg1+ 31. Rd1 Qxh2 32. Re1 Qf2 0-1


[Site "https://www.chess.com"]

[Event "Titled Tuesday Blitz April 4 Early 2023"]
[White "Iljin, Timofey"]
[Black "Aponte Ramos, Argimiro"]
[WhiteFideId "14110180"]
[BlackFideId "3900568"]
[WhiteElo "2382"]
[BlackElo "2216"]
[Result "0-1"]
[Round "10"]
[TimeControl "180+2"]
[Date "2023.04.04"]
[WhiteClock "0:01:34"]
[BlackClock "0:01:22"]

1. e4 a6 2. a3 b5 3. d4 Bb7 4. Nc3 e6 5. Nf3 Nf6 6. Bd3 b4 7. axb4 Bxb4 8. e5 Nd5 9. Bd2 Nxc3 10. bxc3 Be7 11. O-O O-O 12. c4 d6 13. c3 Nd7 14. Bf4 Bxf3 15. Qxf3 dxe5 16. dxe5 Nc5 17. Bc2 Rb8 18. Rab1 Qd7 19. Qh3 g6 20. Qf3 Rfd8 21. Rxb8 Rxb8 22. Rd1 Qe8 23. g3 a5 24. h4 a4 25. h5 a3 26. hxg6 hxg6 27. Kg2 Rb2 28. Be4 Qb8 29. Bxg6 fxg6 30. Qg4 Qb7+ 31. Kh3 Qe4 0-1


[Site "https://www.chess.com"]

[Event "Titled Tuesday Blitz April 4 Early 2023"]
[White "Avazkhonov, Alikhon"]
[Black "Rosenberg, Evan S"]
[WhiteFideId "14208504"]
[BlackFideId "2019299"]
[WhiteElo "1739"]
[BlackElo "2223"]
[Result "1-0"]
[Round "10"]
[TimeControl "180+2"]
[Date "2023.04.04"]
[WhiteClock "0:00:54"]
[BlackClock "0:00:01"]

1. d4 d5 2. c4 e6 3. Nc3 c5 4. cxd5 cxd4 5. Qa4+ Bd7 6. Qxd4 exd5 7. Qxd5 Nf6 8. Qb3 Na6 9. Nf3 Nc5 10. Qd1 Nce4 11. g3 Bb4 12. Bd2 Bxc3 13. Bxc3 O-O 14. Bg2 Nxc3 15. bxc3 Bc6 16. O-O Re8 17. e3 Ne4 18. Qd4 Rc8 19. Rfd1 Qa5 20. Qb4 Qf5 21. Rac1 a5 22. Qb2 h6 23. Nd4 Qf6 24. Nxc6 Rxc6 25. Bxe4 Rxe4 26. Qxb7 Re8 27. Rd7 Rxc3 28. Rxc3 Qxc3 29. Rxf7 a4 30. Qd7 Rb8 31. Re7 Qa1+ 32. Kg2 Qf6 33. Re8+ Rxe8 34. Qxe8+ Kh7 35. Qxa4 Qb2 36. Qe4+ Kh8 37. a4 1-0


[Site "https://www.chess.com"]

[Event "Titled Tuesday Blitz April 4 Early 2023"]
[White "Yonal, Timur"]
[Black "Melikhov, Evgeny V."]
[WhiteFideId "44115725"]
[BlackFideId "4122046"]
[WhiteElo "1966"]
[BlackElo "2158"]
[Result "1/2-1/2"]
[Round "10"]
[TimeControl "180+2"]
[Date "2023.04.04"]
[WhiteClock "0:00:23"]
[BlackClock "0:00:07"]

1. e4 c5 2. Nf3 d6 3. Bb5+ Nd7 4. O-O a6 5. Bd3 e6 6. c3 Ngf6 7. Re1 Be7 8. Bc2 O-O 9. d4 Qc7 10. Qe2 Re8 11. e5 Nd5 12. a3 Nf8 13. c4 Nb6 14. dxc5 Qxc5 15. Be3 Qc7 16. exd6 Bxd6 17. b4 Nxc4 18. Bb3 Nxe3 19. Qxe3 b5 20. Nbd2 Bb7 21. Rac1 Qe7 22. Ba2 Rac8 23. Bb1 Rxc1 24. Rxc1 Rc8 25. Rxc8 Bxc8 26. Ne4 Bb7 27. Qd3 Bxe4 28. Qxe4 Qc7 29. g3 a5 30. bxa5 Qxa5 31. Ng5 g6 32. Qf3 f6 33. Qxf6 Qa7 34. Ba2 Qe7 35. Qxe7 Bxe7 36. Nxe6 Nxe6 37. Bxe6+ Kg7 38. Bd7 Bxa3 39. Bxb5 Bc5 40. Kg2 g5 41. f3 h6 42. Kh3 Kf6 43. Kg4 Kg7 44. h3 Bd6 45. f4 gxf4 46. gxf4 Kf6 47. Bc4 h5+ 48. Kxh5 Bxf4 49. Kg4 Kg7 50. h4 Kh8 51. Kxf4 Kg7 52. Kg5 Kh8 53. Bd3 Kg7 54. Bg6 Kh8 55. h5 Kg7 56. Bf5 Kh8 57. Kh6 Kg8 58. Bg6 Kh8 59. Bf5 Kg8 60. Be6+ Kh8 61. Bf5 1/2-1/2


[Site "https://www.chess.com"]

[Event "Titled Tuesday Blitz April 4 Early 2023"]
[White "morozcoma"]
[Black "Iskusnyh, Sergei"]
[BlackFideId "4120027"]
[WhiteElo "2287"]
[BlackElo "2492"]
[Result "0-1"]
[Round "10"]
[TimeControl "180+2"]
[Date "2023.04.04"]
[WhiteClock "0:00:24"]
[BlackClock "0:00:12"]

1. e4 e6 2. d4 d5 3. Nc3 Nf6 4. e5 Nfd7 5. Nf3 c5 6. Bg5 Qa5 7. dxc5 Nc6 8. Qd2 Bxc5 9. O-O-O Bb4 10. Kb1 Bxc3 11. Qxc3 Qxc3 12. bxc3 Ndxe5 13. Nxe5 Nxe5 14. f4 Ng4 15. Bb5+ Bd7 16. Bxd7+ Kxd7 17. Rhe1 Rhc8 18. h3 Nf6 19. Bxf6 gxf6 20. Rd3 Rc4 21. f5 h5 22. Rf3 Ke7 23. fxe6 fxe6 24. Rf5 Rg8 25. Rxh5 Rxg2 26. Rh7+ Kd6 27. Rxb7 Rxc3 28. Rxa7 Rgxc2 29. Ra6+ Rc6 30. Ra3 Rh2 31. Rf1 f5 32. Re3 d4 33. Rd3 Kd5 34. Rf4 Rc4 35. a3 Ke5 36. Rf1 Ke4 37. Rdf3 Rc3 38. Rxc3 dxc3 39. Re1+ Kd3 40. a4 Rb2+ 41. Kc1 Ra2 42. Kb1 Rxa4 43. Rxe6 Rf4 44. Re1 Kd2 45. Rc1 Rb4+ 46. Ka2 Kxc1 0-1


[Site "https://www.chess.com"]

[Event "Titled Tuesday Blitz April 4 Early 2023"]
[White "Hnydiuk, Aleksander"]
[Black "Qashashvili, Alexandre"]
[WhiteFideId "1109057"]
[BlackFideId "13600842"]
[WhiteElo "2374"]
[BlackElo "2405"]
[Result "0-1"]
[Round "10"]
[TimeControl "180+2"]
[Date "2023.04.04"]
[WhiteClock "0:02:50"]
[BlackClock "0:00:53"]

1. c4 c6 2. Nc3 d5 3. e3 Nf6 4. f4 Bg4 5. Nf3 e6 6. Be2 Bd6 7. O-O Nbd7 8. d4 O-O 9. Ne5 Bxe2 10. Qxe2 Qe7 11. Bd2 Bb4 12. Be1 Bxc3 13. bxc3 Nxe5 14. fxe5 Ne4 15. Rb1 b6 16. a4 f5 17. Qa2 Qg5 18. Bf2 f4 19. exf4 Qxf4 20. Rb2 Nxf2 21. Rbxf2 Qe3 22. Qd2 Qxd2 23. Rxd2 Rxf1+ 24. Kxf1 dxc4 25. a5 b5 26. a6 Rb8 27. Ke2 Rb6 28. Ra2 Kf7 29. Ke3 Ke7 30. Ke4 Kd7 31. h4 Ke7 32. g4 Kf7 33. h5 h6 34. Kf4 Ke7 35. g5 hxg5+ 36. Kxg5 Kf7 37. Rf2+ Kg8 38. Ra2 Kh7 39. Ra1 b4 40. cxb4 Rxb4 41. Ra5 Rb5 42. Ra4 c5 43. Rxc4 cxd4 44. Kf4 Rd5 45. Rc6 d3 46. Rxe6 d2 0-1


[Site "https://www.chess.com"]

[Event "Titled Tuesday Blitz April 4 Early 2023"]
[White "Tagliata"]
[Black "Vaglio Munoz, Jaime"]
[BlackFideId "6500145"]
[WhiteElo "2285"]
[BlackElo "2199"]
[Result "1/2-1/2"]
[Round "10"]
[TimeControl "180+2"]
[Date "2023.04.04"]
[WhiteClock "0:00:15"]
[BlackClock "0:00:16"]

1. e4 e6 2. d4 d5 3. e5 c5 4. c3 Qb6 5. Nf3 Bd7 6. Be2 cxd4 7. cxd4 Bb5 8. Bxb5+ Qxb5 9. Na3 Bxa3 10. bxa3 Nc6 11. Qe2 Qxe2+ 12. Kxe2 Nge7 13. Be3 Na5 14. Rab1 b6 15. Nd2 h6 16. Rhc1 Kd7 17. Rc2 Rhc8 18. Rbc1 Rxc2 19. Rxc2 g5 20. Kd3 Rg8 21. f3 h5 22. Bf2 g4 23. f4 Nf5 24. Be1 h4 25. a4 Nc6 26. Nb3 a5 27. Rb2 Kc7 28. Bc3 h3 29. g3 Rh8 30. Be1 Rc8 31. Bc3 Rh8 32. Be1 Kd7 33. Bf2 Nb4+ 34. Kd2 Rc8 35. Nc1 Rc4 36. Ne2 Nc6 37. Rxb6 Kc7 38. Rb5 Rxa4 39. Nc3 Rc4 40. Kd3 Nfxd4 41. Rxd5 exd5 42. Nxd5+ Kb7 43. Kxc4 Nf5 44. Ne3 Nxe3+ 45. Bxe3 Ne7 46. a3 Kc6 47. Bf2 Nd5 48. Kd4 Nb6 49. f5 Nd5 50. Be1 Ne7 51. Bxa5 Nxf5+ 52. Ke4 Nxg3+ 53. Kf4 Nf1 54. Kxg4 Nxh2+ 55. Kxh3 Nf3 56. Bc3 Kd5 57. Kg4 Nxe5+ 58. Bxe5 Kxe5 59. a4 Kd5 60. a5 Kc6 61. Kf5 Kb5 62. Kf6 Kxa5 63. Kxf7 1/2-1/2


[Site "https://www.chess.com"]

[Event "Titled Tuesday Blitz April 4 Early 2023"]
[White "Deuer, Marius"]
[Black "Antonio, Jorge Carlos"]
[WhiteFideId "16236432"]
[BlackFideId "113190"]
[WhiteElo "2163"]
[BlackElo "2247"]
[Result "0-1"]
[Round "10"]
[TimeControl "180+2"]
[Date "2023.04.04"]
[WhiteClock "0:00:06"]
[BlackClock "0:00:04"]

1. b3 d5 2. Bb2 Nc6 3. e4 d4 4. f4 Nf6 5. d3 e5 6. Nf3 exf4 7. Nbd2 Ng4 8. Qe2 Ne3 9. Nc4 Bb4+ 10. Kf2 O-O 11. g3 fxg3+ 12. hxg3 Ng4+ 13. Kg1 f5 14. e5 Be6 15. Bg2 Bc3 16. Bxc3 dxc3 17. Re1 Nd4 18. Qd1 Nxf3+ 19. Qxf3 Qd4+ 20. Kf1 b5 21. Na5 c5 22. Nc6 Qd7 23. Qf4 Rac8 24. Na5 g6 25. Nb7 Qg7 26. Nd6 g5 27. Qf3 f4 28. Kg1 Nxe5 29. Qe4 f3 30. Bh3 f2+ 31. Kh2 fxe1=Q 32. Bxe6+ Kh8 33. Rxe1 Qh6+ 34. Kg2 Qxe6 35. Nxc8 Qxc8 36. Qxe5+ Kg8 37. Qxg5+ Kh8 38. Qe5+ Kg8 39. Re4 Rf7 40. Qg5+ Kf8 41. Qd5 Qd7 42. Rf4 Qxd5+ 43. Kh3 Rxf4 44. gxf4 Qd4 45. Kh4 c4 46. Kh5 cxd3 47. Kg5 dxc2 48. f5 c1=Q+ 49. Kh5 Qdf4 50. f6 Qg3 51. f7 Qh1# 0-1


[Site "https://www.chess.com"]